 Dungeon Crawl Stone Soup version 0.30-a0-782-ge64f9170bb (webtiles) character file.

Game seed: 8522191279656654678

567 ryw the Trooper (level 7, 0/55 HPs)
             Began as a Demonspawn Monk on Feb 18, 2023.
             Was a Priest of Okawaru.
             Slain by an orc warrior
             ... wielding a +0 trident
              (13 damage)
             ... on level 5 of the Dungeon.
             The game lasted 00:07:45 (4141 turns).

ryw the Trooper (Demonspawn Monk)                   Turns: 4141, Time: 00:07:45

Health: 0/55       AC:  8    Str: 11    XL:     7   Next: 11%
Magic:  9/9        EV: 13    Int: 16    God:    Okawaru [***...]
Gold:   190        SH:  0    Dex: 18    Spells: 6/6 levels left

rFire   + . .      SeeInvis +    n - +0 long sword
rCold   . . .      Faith    .    (no shield)
rNeg    + . .      Spirit   .    e - +0 leather armour "Jaceopek" {+Inv Int+3}
rPois   .          Reflect  .    (helmet unavailable)
rElec   .          Harm     .    p - scarf {+Inv}
rCorr   .          Rampage  .    a - +2 pair of gloves
Will    .....                    q - +1 pair of boots
Stlth   +                        (no amulet)
HPRegen 0.29/turn                v - ring of positive energy
MPRegen 0.11/turn                g - ring of the Barnacle {rF+ Int+2 Slay+4 Stlth-}

@: no status effects
A: antennae 3, (demonic guardian 1)
a: Renounce Religion, Evoke Invisibility, Heroism


You were on level 5 of the Dungeon.
You worshipped Okawaru.
Okawaru was most pleased with you.
You visited 1 branch of the dungeon, and saw 5 of its levels.

You collected 256 gold pieces.
You spent 66 gold pieces at shops.

Inventory:

Hand Weapons
 n - a +0 long sword (weapon)
 B - a +0 long sword
Missiles
 y - 2 boomerangs (quivered)
 A - 3 poisoned darts
Armour
 a - a +2 pair of gloves (worn)
 e - the +0 leather armour "Jaceopek" (worn) {+Inv Int+3}
   (You found it on level 3 of the Dungeon)

   Int:       It affects your intelligence (+3).
   +Inv:      It lets you turn invisible.
 p - a scarf of invisibility (worn)
 q - a +1 pair of boots (worn)
Jewellery
 g - the ring of the Barnacle (right hand) {rF+ Int+2 Slay+4 Stlth-}
   (You acquired it on level 4 of the Dungeon)

   [ring of slaying]

   Int:       It affects your intelligence (+2).
   Slay:      It affects your accuracy & damage with ranged weapons and melee
   (+4).
   rF:        It protects you from fire.
   Stlth:     It makes you less stealthy.
 v - a ring of positive energy (left hand)
Wands
 o - a wand of paralysis (5)
 u - a wand of light (8)
Potions
 c - a potion of invisibility {unknown}
 d - 2 potions of attraction
 f - a potion of flight {unknown}
 i - 2 potions of curing
 k - 2 potions of mutation
 m - 3 potions of haste
 t - a potion of degeneration {unknown}


   Skills:
 + Level 4.7 Fighting
 + Level 2.4 Long Blades
 + Level 4.2 Dodging
 - Level 2.5 Stealth
 - Level 3.1 Unarmed Combat
 + Level 3.2 Invocations
 + Level 2.3 Evocations


You had 6 spell levels left.
You didn't know any spells.
Your spell library was empty.

Dungeon Overview and Level Annotations

Branches:
Dungeon (5/15)
 Temple: D:4-7

Altars:
Ashenzari
Okawaru

Shops:
D:3 *


Innate Abilities, Weirdness & Mutations

You have a pair of large antennae on your head. (SInv)
((A weak demonic guardian rushes to your aid.))


Message History

You feel less confused.
The orc warrior hits you with a +0 trident.
The orc priest hits you with a +0 hand axe!
You barely miss the orc priest.
The orc priest is heavily wounded.
The orc warrior misses you.
The orc priest miscasts a cantrip.
The orc warrior hits you with a +0 trident.
You closely miss the orc priest. You punch the orc priest.
The orc priest is almost dead.
The orc priest barely misses you. The orc warrior closely misses you.
The orc priest invokes the aid of Beogh against you.
Pain shoots through your body!
You hit the orc priest.
You kill the orc priest!
Okawaru accepts your kill. The orc warrior completely misses you.
You slash the orc warrior!
The orc warrior is heavily wounded.
The orc warrior barely misses you.
You closely miss the orc warrior.
The orc warrior is heavily wounded.
The orc warrior closely misses you. x2
You barely miss the orc warrior.
You punch the orc warrior, but do no damage.
The orc warrior is heavily wounded.
The orc warrior hits you with a +0 trident.
You closely miss the orc warrior.
The orc warrior is heavily wounded.
The orc warrior hits you with a +0 trident.
* * * LOW HITPOINT WARNING * * *
You hit the orc warrior.
The orc warrior is severely wounded.
The orc warrior hits you with a +0 trident.
* * * LOW HITPOINT WARNING * * *
The orc warrior misses you.
You barely miss the orc warrior. Your punch misses the orc warrior.
The orc warrior is severely wounded.
The orc warrior hits you with a +0 trident!
You die...

.~.....#≈≈≈≈#.# #.....
~~~~~.~~~≈≈≈#.####......
.≈~≈~≈~≈~≈≈~..#.........
≈~≈~~~~~≈~~~............
.~~≈~~~~~~~...o.#.......
...~~...~.....###.......
.#............###.......
.######.......#)o.......
#.......))@#....P.
#.......#####.....
'......## #....
≈#.....## ##...# ####


You could see an orc warrior.

Vanquished Creatures
  A centaur (D:5)
  2 hounds (D:4)
  2 orc priests
  A jelly (D:5)
  2 iguanas
  3 orc wizards
  6 gnolls
  2 adders
  A shadow imp (D:5)
  4 worms
  A dart slug (D:2)
  19 orcs
  4 endoplasms
  6 giant cockroaches
  2 hobgoblins (D:2)
  10 jackals
  6 kobolds
  3 quokkas
  4 ball pythons
  10 bats
  4 frilled lizards
  3 goblins
  4 rats
100 creatures vanquished.

Vanquished Creatures (others)
  41 fungi (D:5)
41 creatures vanquished.

Grand Total: 141 creatures vanquished

Notes
Turn   | Place    | Note
-------+----------+-------------------------------------------
     0 | D:1      | ryw the Demonspawn Monk began the quest for the Orb.
     0 | D:1      | Reached XP level 1. HP: 18/18 MP: 1/1
   163 | D:1      | Gained mutation: You have a pair of small antennae on your
                  | head. [demonic ancestry]
   163 | D:1      | Reached XP level 2. HP: 24/24 MP: 2/2
   811 | D:2      | Gained mutation: You have a pair of antennae on your head.
                  | [demonic ancestry]
   811 | D:2      | Reached XP level 3. HP: 29/29 MP: 3/3
  1057 | D:2      | Found a faded altar of an unknown god.
  1076 | D:2      | Prayed at the altar of an unknown god.
  1076 | D:2      | Became a worshipper of Warmaster Okawaru
  1076 | D:2      | Reached * piety under Okawaru
  1076 | D:2      | Reached ** piety under Okawaru
  1922 | D:2      | Reached *** piety under Okawaru
  1923 | D:2      | Gained mutation: You have a pair of large antennae on your
                  | head. (SInv) [demonic ancestry]
  1923 | D:2      | Reached XP level 4. HP: 14/37 MP: 4/4
  2075 | D:3      | Reached skill level 1 in Long Blades
  2255 | D:3      | Found Xexkib's Assorted Antiques.
  2268 | D:3      | Bought a scroll labelled GOOCSO TAHEFFO for 22 gold pieces
  2268 | D:3      | Bought a scroll labelled NUETENTAFF for 22 gold pieces
  2268 | D:3      | Bought a scroll labelled HUHO INOSEPN for 22 gold pieces
  2345 | D:3      | Identified the +0 leather armour "Jaceopek" {+Inv Int+3}
  2515 | D:3      | Reached XP level 5. HP: 40/42 MP: 5/5
  2890 | D:4      | Found a broken altar of Ashenzari.
  3013 | D:4      | Reached skill level 1 in Invocations
  3013 | D:4      | Reached skill level 1 in Evocations
  3286 | D:4      | Gained mutation: A weak demonic guardian rushes to your
                  | aid. [demonic ancestry]
  3286 | D:4      | Reached XP level 6. HP: 46/49 MP: 7/7
  3684 | D:4      | Identified a scroll of acquirement
  3684 | D:4      | Acquired the ring of the Barnacle {rF+ Int+2 Slay+4 Stlth-}
  3730 | D:5      | Entered Level 5 of the Dungeon
  3846 | D:5      | Reached XP level 7. HP: 50/55 MP: 9/9
  4141 | D:5      | Slain by an orc warrior

Illustrated notes

Levels and vault maps discovered:
D:1:      ncdulo_wetmaze, layout_rooms, kennysheep_crisscross,
          nicolae_figureground_sparkle
D:2:      layout_loops_cross, basic_altar, ebering_ecumenical_altar_mist,
          st_stairs_11
D:3:      layout_basic, serial_shops, nicolae_shop_window_shopping
D:4:      layout_loops_cross, evilmike_ruin_ashenzari
D:5:      layout_cave_pods, mainiacjoe_overflow_catch_the_wave, temple_doors_cd,
          serial_rivers, chequers_serial_rivers_small_3,
          chequers_serial_rivers_large_a, chequers_serial_rivers_room_b,
          chequers_serial_rivers_marsh, chequers_serial_rivers_micro_b

Skill      XL: |  1  2  3  4  5  6 |
---------------+-------------------+-----
Stealth        | 2 |  2.5
Dodging        | 3 4 |  4.2
Unarmed Combat | 3 |  3.1
Long Blades    | 1 2 |  2.4
Fighting       | 4 |  4.7
Invocations    | 1 3 |  3.2
Evocations     | 1 2 |  2.3

Action                     |  1- 3 |  4- 6 |  7- 9 || total
---------------------------+-------+-------+-------++-------
  Melee: Unarmed           |   169 |       |       ||   169
         Punch             |     6 |     5 |     2 ||    13
         Long sword        |    13 |   157 |    32 ||   202
Ability: Evoke Invisibilit |       |     1 |       ||     1
    Use: Scroll            |       |    12 |       ||    12
         Potion            |       |       |     2 ||     2
   Stab: Sleeping          |     6 |     1 |       ||     7
         Invisible         |       |     3 |       ||     3
 Armour: Robe              |    31 |       |       ||    31
         Ring mail         |     7 |    15 |       ||    22
         Leather armour    |       |    44 |    12 ||    56
  Dodge: Dodged            |   148 |   140 |    42 ||   330

Table legend: (Time is in decaauts)
 A = Elapsed time spent in this place.
 B = Non-inter-level travel time spent in this place.
 C = Inter-level travel time spent in this place.
 D = Time resting spent in this place.
 E = Time spent auto-exploring this place.
 F = Levels seen in this place.
 G = Mean time per level.
                   A        B        C        D        E       F      G
               +--------+--------+--------+--------+--------+-----+--------+
         Total |   4212 |   3969 |    243 |    384 |   2628 |   5 |  842.4 |
       Dungeon |   4212 |   3969 |    243 |    384 |   2628 |   5 |  842.4 |
               +--------+--------+--------+--------+--------+-----+--------+

Top non-repeatable levels by time:
     D:2: 1241 daAuts
     D:4: 941 daAuts
     D:3: 801 daAuts
     D:1: 798 daAuts
     D:5: 429 daAuts
